 Dungeon Crawl Stone Soup version 0.17.1-2-g5865329 (webtiles) character file.

46 Gargoyl the Skirmisher (level 3, 0/26 HPs)
             Began as a Demonspawn Abyssal Knight on Jan 31, 2016.
             Was a Follower of Lugonu.
             Succumbed to an adder's poison
             ... on level 2 of the Dungeon.
             The game lasted 00:03:14 (1938 turns).

Gargoyl the Skirmisher (Demonspawn Abyssal Knight)  Turns: 1938, Time: 00:03:14

Health: 0/26       AC: 11    Str: 18    XL:     3   Next: 46%
Magic:  4/4        EV:  7    Int: 16    God:    Lugonu [*.....]
Gold:   101        SH:  0    Dex: 12    Spells: 0 memorised, 2 levels left

rFire  + . .     SeeInvis .     a - +1 hand axe
rCold  + . .     Clarity  .     n - +0 chain mail
rNeg   . . .     SustAt   .     (no shield)
rPois  +         Gourm    .     (no helmet)
rElec  +         Spirit   .     (no cloak)
rCorr  +         Warding  .     (no gloves)
rMut   .         Stasis   .     (no boots)
MR     .....                    (no amulet)
Stlth  ..........               (no ring)
                                (no ring)

@: mighty, brilliant, lethally poisoned (0 -> -5), resistant, not resistant to
hostile enchantments, extremely unstealthy
A: slimy green scales 1, dopey 1, frail 1, shaggy fur 1, rot immunity
a: Depart the Abyss, Renounce Religion


You were on level 2 of the Dungeon.
You worshipped Lugonu.
Lugonu was aware of your devotion.
You were not hungry.

You visited 1 branch of the dungeon, and saw 2 of its levels.
You visited the Abyss 1 time.

You collected 101 gold pieces.

Inventory:

Hand Weapons
 a - a +1 hand axe (weapon)
Armour
 n - a +0 chain mail (worn)
Scrolls
 b - a scroll of teleportation
 f - a scroll of recharging {unknown}
 i - 2 scrolls of identify {unknown}
 m - a scroll of remove curse
 o - a scroll of fog {unknown}
 p - a scroll of fear {unknown}
Potions
 j - a potion of might
Comestibles
 c - a bread ration
 d - 2 meat rations


   Skills:
 + Level 3.5 Fighting
 + Level 2.1 Axes
 + Level 2.3 Armour
 + Level 1.5 Dodging
 + Level 2.6 Invocations


You had 2 spell levels left.
You didn't know any spells.

Dungeon Overview and Level Annotations

Branches:
Dungeon (2/15)

Altars:
Ashenzari


Innate Abilities, Weirdness & Mutations

You are partially covered in slimy green scales (AC +2).
You are immune to rotting.
You are dopey. (Int -2)
You are frail (-10% HP).
You are covered in fur (AC +1).


Message History

You feel sick. The adder barely misses you.
The adder bites you but does no damage.
Drink which item? (? for menu, Esc to quit)
It was a potion of resistance.
You feel protected.
* * * LOW HITPOINT WARNING * * *
You feel sick. The adder bites you but does no damage.
Drink which item? (? for menu, Esc to quit)
It was a potion of mutation.
You feel extremely strange. Fur sprouts all over your body.
You feel stupid.
You feel frail. The adder bites you.
* * * LOW HITPOINT WARNING * * *
Drink which item? (? for menu, Esc to quit)
It was a potion of poison.
You feel slightly nauseous.
* * * LOW HITPOINT WARNING * * *
You feel sick. The adder bites you but does no damage.
You closely miss the adder.
The adder is almost dead.
The adder bites you but does no damage. x2
You die...

#. ###.## #. ##...#
####.#### ##..### #
#.....$.####..##
####### #.......##...##
##..#... #.......##.###
##...<.##
#.....>S##.#####......#
#.....................#
#......@#########....##
#.......# ##..##
#......[# ####
#########


You could see an adder.

Vanquished Creatures
  2 adders (D:2)
  An ooze (D:2)
  3 giant cockroaches (D:1)
  3 hobgoblins
  7 bats
  5 goblins
  2 jackals (D:1)
  A kobold (D:2)
  A rat (D:2)
25 creatures vanquished.

Notes
Turn   | Place    | Note
--------------------------------------------------------------
     0 | Abyss:1  | Gargoyl the Demonspawn Abyssal Knight began the quest for the Orb.
     0 | Abyss:1  | Reached XP level 1. HP: 18/18 MP: 2/2
    16 | Abyss:1  | Found a corrupted altar of Lugonu.
    41 | Abyss:1  | Found a corrupted altar of Lugonu.
    54 | Abyss:1  | Noticed a hellwing
    54 | Abyss:1  | Noticed a yaktaur
    59 | Abyss:1  | Noticed a large abomination
    73 | Abyss:1  | Noticed a hornet
    73 | Abyss:1  | a yaktaur changed into a hornet
    77 | Abyss:1  | Noticed a fire bat
    79 | D:1      | Escaped the Abyss
   329 | D:1      | Reached * piety under Lugonu
   857 | D:1      | Reached skill level 1 in Dodging
   857 | D:1      | Gained mutation: You are partially covered in slimy green scales (AC +2). [demonic ancestry]
   857 | D:1      | Reached XP level 2. HP: 21/24 MP: 3/3
  1436 | D:2      | Gained mutation: You are immune to rotting. [demonic ancestry]
  1436 | D:2      | Reached XP level 3. HP: 27/29 MP: 4/4
  1729 | D:2      | Found a shattered altar of Ashenzari.
  1935 | D:2      | Gained mutation: You are covered in fur (AC +1). [potion of mutation]
  1935 | D:2      | Gained mutation: You are dopey. (Int -2) [potion of mutation]
  1935 | D:2      | Gained mutation: You are frail (-10% HP). [potion of mutation]
  1936 | D:2      | HP: 1/26 [poisoned by an adder]
  1938 | D:2      | Succumbed to an adder's poison

Action                   || total
-------------------------++-------
Melee: Hand axe          ||   116
Invok: Depart the Abyss  ||     1
  Use: Scroll            ||     5
       Potion            ||     6
  Eat: Bread ration      ||     1
       Chunk             ||     1
